AoeStats
← ABU-Abir

Arabian Desert

509867201Analyzed
1v1 RM · 3d ago on Sep 28, 2026· 14m 30s· 2 players
Game mode
Random Map
Map size
Tiny (2 player)
Population
200
Speed
Normal
Resources
Standard
Victory
Conquest
Starting age
Dark Age
Ending age
Imperial Age
RankedLock teamsTeams togetherTeam positionsShared explorationLock speedFull tech treeHidden civsTurbo modeCheats
Victory
Defeat
🇩🇪 Poles · Germany
2200
+20
🇭🇰 Malians · Hong Kong SAR China
2295
-20
ABU-Abir
5:53 Loom
8:21 Feudal Age
8:56 Double-Bit Axe
9:19 Horse Collar
已严肃退出多人局
5:02 Loom
5:06 Loom
8:23 Feudal Age
9:03 Double-Bit Axe
Connection lost

Rejoining the realm…

Still unreachable

The connection could not be restored.

Session expired

The server has moved on; the page needs a fresh start.